 Dungeon Crawl Stone Soup version 0.17.1-3-g152610e (webtiles) character file.

239724 manyhoops the Sorcerer (level 18, -8/127 HPs)
             Began as a Deep Elf Earth Elementalist on Apr 9, 2016.
             Was the Champion of Vehumet.
             Mangled by a spriggan berserker
             ... wielding a +0 war axe
              (13 damage)
             ... on level 1 of the Elven Halls on Apr 10, 2016.
             The game lasted 07:36:10 (63252 turns).

manyhoops the Sorcerer (DEEE)                      Turns: 63252, Time: 07:36:10

Health: -8/127     AC: 37    Str:  5    XL:     18   Next: 60%
Magic:  21/54      EV:  2    Int: 29    God:    Vehumet [******]
Gold:   2117       SH:  7    Dex: 15    Spells: 13 memorised, 2 levels left

rFire  + . .     SeeInvis .     G - +4 short sword (protect)
rCold  . . .     Clarity  .     (armour currently unavailable)
rNeg   + + +     SustAt   .     j - +1 buckler {AC+3}
rPois  +         Gourm    +     (helmet currently unavailable)
rElec  .         Spirit   .     (cloak currently unavailable)
rCorr  .         Warding  .     (gloves currently unavailable)
rMut   .         NoTele   +     (boots currently unavailable)
MR     ++...                    P - amulet of the gourmand
Stlth  +++++++++.               i - ring of protection from magic
                                X - ring "Giocef" {rF+ MP+9 Slay+4}

@: tree-form, studying 2 skills, very resistant to hostile enchantments,
incredibly stealthy
A: sense surroundings 1, screaming 1
a: Renounce Religion
}: 2/15 runes: decaying, serpentine


You were on level 1 of the Elven Halls.
You worshipped Vehumet.
Vehumet was exalted by your worship.
You were very full.
You were a tree.
You visited 8 branches of the dungeon, and saw 38 of its levels.
You also visited: Ice Cave.

You collected 3645 gold pieces.
You spent 1528 gold pieces at shops.

Inventory:

Hand Weapons
 G - a +4 short sword of protection (weapon)
Missiles
 T - 40 stones (quivered)
Armour
 e - a +0 pair of boots (melded)
 j - a +1 buckler of protection (worn)
 p - the +2 shield of Imisegeh {rC+ Str+3}
   (You found it on level 2 of the Swamp)

   It affects your strength (+3).
   It protects you from cold.
 F - a +2 cloak (melded)
 K - a +1 helmet of see invisible (melded)
 O - the +0 pair of gloves "Onauqy" (melded) {Int+2 Dex+2}
   (You acquired it on level 1 of the Snake Pit)

   It affects your intelligence (+2).
   It affects your dexterity (+2).
 Y - a +2 robe of magic resistance (melded)
Jewellery
 b - an uncursed ring of poison resistance
 f - an uncursed ring of protection from cold
 i - a ring of protection from magic (right branch)
 y - a +5 ring of intelligence
 A - a +6 ring of dexterity
 E - an uncursed ring of wizardry
 P - an amulet of the gourmand (around neck)
 W - an uncursed ring of stealth
 X - the ring "Giocef" (left branch) {rF+ MP+9 Slay+4}
   (You found it on level 2 of the Swamp)

   [ring of protection from fire]

   It affects your accuracy and damage with ranged weapons and melee attacks
   (+4).
   It protects you from fire.
   It affects your magic capacity (+9).
Wands
 c - a wand of disintegration (9)
 h - a wand of draining (3)
 t - a wand of lightning (2)
 B - a wand of heal wounds (5)
 H - a wand of slowing (35)
 I - a wand of confusion (13)
 L - a wand of paralysis (15)
 R - a wand of invisibility (0)
Scrolls
 o - 2 scrolls of recharging
 r - 9 scrolls of remove curse
 s - 2 scrolls of silence
 u - 2 scrolls of fog
 x - a scroll of vulnerability
 z - 4 scrolls of immolation
 J - 4 scrolls of fear
 S - 5 scrolls of magic mapping
 U - 3 scrolls of teleportation
Potions
 a - 2 potions of might
 g - 3 potions of brilliance
 m - 2 potions of agility
 v - 6 potions of curing
 C - a potion of haste
 D - a potion of invisibility
 M - 3 potions of heal wounds
 N - 5 potions of cancellation
 Q - 3 potions of lignification
 V - 3 potions of flight
Books
 d - a manual of Shields
 w - a manual of Crossbows
Miscellaneous
 k - a plain deck of defence {the Banshee}
 Z - a sack of spiders
Comestibles
 l - 3 bread rations
 n - 14 meat rations


   Skills:
   Level 0.5(0.6) Axes
   Level 0.1(0.3) Polearms
 - Level 12.9 Dodging
 - Level 13.2 Stealth
 * Level 8.0 Shields
 - Level 21.0 Spellcasting
 - Level 15.5 Conjurations
 - Level 4.7 Hexes
 - Level 10.4 Summonings
 - Level 4.0 Necromancy
 - Level 3.0 Transmutations
 - Level 12.0 Fire Magic
 - Level 1.0 Ice Magic
 - Level 14.9 Earth Magic
 - Level 0.4 Evocations


You had 2 spell levels left.
You knew the following spells:

 Your Spells              Type           Power        Failure   Level  Hunger
a - Spellforged Servitor  Conj/Summ      #######...   1%          7    ###....
b - Stoneskin             Trmt/Erth      ######..     1%          2    None
c - Stone Arrow           Conj/Erth      ######       0%          3    None
d - Passwall              Trmt/Erth      ######....   1%          3    None
e - Shatter               Erth           #######...   71%         9    ######.
f - Swiftness             Chrm/Air       ####....     1%          2    None
g - Freeze                Ice            ####         1%          1    None
h - Mephitic Cloud        Conj/Pois/Air  ######..     1%          3    None
i - Cause Fear            Hex            ######....   1%          4    None
j - Bolt of Fire          Conj/Fire      #######...   1%          6    None
k - Animate Dead          Necr           N/A          2%          4    None
l - Fireball              Conj/Fire      #######...   1%          5    None
m - Lehudib's Crystal Sp  Conj/Erth      #######...   5%          8    #####..


Dungeon Overview and Level Annotations

Branches:
Dungeon (15/15)            Temple (1/1) D:4            Lair (8/8) D:11
  Swamp (4/4) Lair:6        Snake (4/4) Lair:4        Slime (1/6) Lair:8
    Orc (4/4) D:12            Elf (1/3) Orc:4        Vaults (0/5) D:13
 Depths (0/5) D:15

Altars:
Ashenzari
Cheibriados
Dithmenos
Elyvilon
Fedhas
Gozag
Kikubaaqudgha
Makhleb
Nemelex Xobeh
Okawaru
Qazlal
Ru
Sif Muna
Trog
Vehumet
Xom
Yredelemnul
Zin
The Shining One
Beogh

Shops:
D:8 }   Orc:2 }   Orc:4 }*!=   Snake:1 [

Annotations:
D:12 barb4r1an's ghost, journeyman MiBe
Swamp:1 Frances
Elf:1 Azrael


Innate Abilities, Weirdness & Mutations

You passively map a small area around you.
You occasionally shout uncontrollably at your foes.


Message History

Casting: Bolt of Fire
Confirm with . or Enter, or press ? or * to list all spells.
Aiming: Lehudib's Crystal Spear
Press: ? - help, Shift-Dir - straight line, f/p - spriggan berserker
Aim: a spriggan berserker, wielding a hand axe and wearing an animal skin (heavily wounded, regenerating)
The crystal spear hits the spriggan berserker.
You kill the spriggan berserker!
Vehumet accepts your kill.
You feel your power returning.
Your Shields skill increases to level 8!
The death yak is no longer berserk.
The death yak disappears in a puff of smoke!
The elephant tramples you.
* * * LOW HITPOINT WARNING * * *
The elephant trunk-slaps you but does no damage.
The spriggan berserker hits you with a flail!
* * * LOW HITPOINT WARNING * * *
The spriggan berserker is engulfed in roaring flames.
The spriggan berserker hits you with a war axe!
You die...

* * ,* #.......# #.#
* * #.......# #.# *
#.......# #.# * * *
##.....#####.## * ,**
*####+.....'#...... *
*,*#........##..#####
###+##.######)###.# *
+#[..#..# , #..#..# *
*#.....)♣## ##...## ,
, +......iYi# , ##.##
+ #......§.## .#####
* , #.........#..)'.
* ##........'..#* , *
,_* **
+#...#(..#...'. , ,
*#####..####.#####
*,, ### * #..§
♣##.##*, #+#.#+#* *
##..# , ##.(.##


You could see an elephant (berserk) and 2 spriggan berserkers.

Vanquished Creatures
  Saint Roka (Snake:4)
  3 thorn hunters (Swamp:3)
  3 greater nagas (Snake:4)
  Donald (Swamp:1)
  Maud (D:11)
  A frost giant (IceCv)
  A deep elf demonologist (Elf:1)
  Snorg (Lair:5)
  A deep elf high priest (Elf:1)
  19 hydras
  Fannar (Lair:3)
  7 centaur warriors
  Erolcha (D:9)
  13 naga warriors
  A ghost crab (Swamp:2)
  6 alligators
  2 catoblepae
  Erica (D:10)
  5 anacondas
  10 death yaks
  4 orc high priests (Orc:4)
  6 tengu warriors
  13 naga sharpshooters
  6 shock serpents
  Urug (Orc:3)
  A spriggan berserker (Elf:1)
  A salamander mystic (Snake:3)
  2 deep elf knights (Elf:1)
  4 unseen horrors
  9 swamp dragons
  3 spriggan druids (Swamp:4)
  2 deep elf summoners (Elf:1)
  5 shambling mangroves
  4 mana vipers
  6 naga ritualists
  A wizard (D:13)
  2 griffons
  6 hill giants
  A manticore (shapeshifter) (D:15)
  4 orc sorcerers
  5 orc knights (Orc:4)
  5 ugly things
  A manticore (D:11)
  A deep elf conjurer (Elf:1)
  4 salamanders
  3 hornets
  11 elephants (Lair:8)
  3 cyclopes
  20 spiny frogs
  26 naga magi
  An ice statue (IceCv)
  28 black mambas
  5 guardian serpents
  A guardian serpent (shapeshifter) (D:15)
  4 gargoyles
  A centaur skeleton (D:12)
  A kobold demonologist (D:15)
  9 komodo dragons
  A tengu conjurer (D:15)
  8 deep elf priests
  2 two-headed ogres
  2 fire drakes
  A harpy skeleton (D:15)
  A queen bee (D:10)
  8 trolls
  19 polar bears
  12 blink frogs
  2 bog bodies
  3 giant leeches
  A slime creature (Swamp:2)
  A boulder beetle (Lair:8)
  2 spriggans (Swamp:4)
  A trapdoor spider (D:11)
  9 deep elf fighters
  A vampire (D:12)
  6 basilisks
  14 deep elf magi
  2 shadows
  A hungry ghost (D:7)
  2 hogs (Lair:5)
  3 wyverns
  63 yaks
  A steam dragon (D:13)
  9 hippogriffs
  43 nagas
  30 wolves
  5 wargs
  Edmund (D:6)
  24 vampire mosquitoes
  7 swamp worms
  An insubstantial wisp (Swamp:1)
  11 porcupines
  13 swamp drakes
  12 water moccasins
  2 phantoms (D:9)
  9 wasps
  A black bear (D:11)
  12 ogres
  3 ice beasts
  14 centaurs
  35 orc warriors
  2 necrophages
  6 sky beasts
  14 crocodiles
  7 big kobolds
  19 giant frogs
  A gnoll sergeant (D:11)
  6 scorpions
  19 killer bees (D:10)
  5 electric eels
  15 wights
  2 quasits
  2 giant frog zombies
  5 jellies
  A giant frog skeleton (D:6)
  37 orc priests
  30 orc wizards
  2 wasp zombies
  3 centaur zombies
  6 crimson imps
  Crazy Yiuf (D:6)
  7 hounds
  9 worker ants
  8 iguanas
  2 killer bee zombies
  25 sheep
  A hound zombie (D:10)
  2 hound skeletons
  2 worker ant zombies
  A gnoll (D:7)
  19 adders
  39 river rats
  2 shadow imps
  12 white imps
  An ooze (D:1)
  An adder skeleton (D:5)
  An adder zombie (D:8)
  2 worms (D:2)
  7 giant geckos
  177 orcs
  6 bats
  5 giant cockroaches
  3 hobgoblins
  12 jackals
  20 kobolds
  A ball python (D:3)
  A giant gecko zombie (D:8)
  2 giant newts (D:2)
  7 goblins
  4 quokkas
  A quokka zombie (D:6)
  11 rats
  2 briar patches (Swamp:3)
  2 bushes (Lair:8)
  18 fungi
  18 plants
1301 creatures vanquished.

Vanquished Creatures (collateral kills)
  Jorgrun (Swamp:3)
  Kirke (Lair:5)
  4 greater nagas (Snake:4)
  Wiglaf (Snake:4)
  A fire giant (D:15)
  Aizul (Snake:4)
  The ghost of Breadlance the Impaler, a journeyman MiFi of Trog (Elf:1)
  Harold (D:11)
  7 naga warriors
  2 hydras
  A centaur warrior (D:11)
  An anaconda (Snake:3)
  An orc high priest (Orc:4)
  2 shock serpents (Snake:4)
  5 naga sharpshooters (Snake:4)
  4 naga ritualists
  6 swamp dragons
  2 hill giants
  A lindwurm (Lair:8)
  A shambling mangrove (Swamp:3)
  A necromancer (D:13)
  An orc knight (D:15)
  A deep elf conjurer (Elf:1)
  A mana viper (Snake:1)
  12 ugly things (D:15)
  2 salamanders
  An elephant (Lair:8)
  5 hornets
  10 naga magi
  7 black mambas
  2 spiny frogs
  2 komodo dragons (Lair:8)
  A fire drake (Lair:8)
  3 giant leeches
  A merfolk (shapeshifter) (D:11)
  A wind drake (shapeshifter) (D:11)
  4 slime creatures
  2 bog bodies
  4 blink frogs (Lair:8)
  A hog (Lair:5)
  2 basilisks
  3 spriggans
  11 vampire mosquitoes
  2 deep elf fighters
  18 nagas
  A hungry ghost (D:11)
  8 yaks
  A mottled dragon (D:15)
  A wolf (Lair:8)
  2 wargs (Snake:4)
  2 swamp worms (Swamp:4)
  5 water moccasins
  5 wasps
  5 orc warriors
  5 swamp drakes
  An ogre (D:15)
  3 crocodiles
  2 giant frogs
  A wight (D:11)
  A killer bee (D:10)
  An electric eel (Snake:1)
  A crimson imp (D:15)
  9 orc priests
  A quasit (D:15)
  5 orc wizards
  A sheep (Lair:7)
  9 river rats
  40 orcs
  A bat (D:14)
  5 kobolds (D:14)
  A bush (Lair:8)
  6 fungi
  3 plants (Snake:1)
268 creatures vanquished.

Vanquished Creatures (others)
  A fire vortex (IceCv)
  50 fungi
  5 plants
56 creatures vanquished.

Grand Total: 1625 creatures vanquished

Notes
Turn   | Place    | Note
--------------------------------------------------------------
     0 | D:1      | manyhoops the Deep Elf Earth Elementalist began the quest for the Orb.
     0 | D:1      | Reached XP level 1. HP: 10/10 MP: 6/6
   177 | D:1      | Reached XP level 2. HP: 7/15 MP: 0/8
   609 | D:1      | Learned a level 2 spell: Stoneskin
   974 | D:2      | Reached XP level 3. HP: 16/19 MP: 1/10
   979 | D:2      | Learned a level 3 spell: Stone Arrow
  1230 | D:2      | Learned a level 3 spell: Passwall
  1749 | D:2      | Reached skill level 1 in Conjurations
  2074 | D:3      | Found a white marble altar of Elyvilon.
  2089 | D:3      | Reached XP level 4. HP: 24/24 MP: 6/11
  2685 | D:3      | Reached skill level 4 in Stealth
  2685 | D:3      | Reached XP level 5. HP: 28/28 MP: 3/12
  3290 | D:4      | Found a staircase to the Ecumenical Temple.
  3309 | D:4      | Found a shattered altar of Ashenzari.
  3309 | D:4      | Found an ancient bone altar of Kikubaaqudgha.
  3322 | Temple   | Entered the Ecumenical Temple
  3333 | Temple   | Became a worshipper of Vehumet
  3820 | D:5      | Entered Level 5 of the Dungeon
  3850 | D:5      | Reached XP level 6. HP: 25/32 MP: 0/13
  3862 | D:5      | Noticed a phantom
  3962 | D:5      | Noticed a sky beast
  3966 | D:5      | Killed a sky beast
  3966 | D:5      | Reached skill level 5 in Conjurations
  4132 | D:5      | Reached skill level 5 in Stealth
  4277 | D:5      | Noticed an ice beast
  4406 | D:4      | Got a bloodstained great sword
  4408 | D:4      | Identified the +3 great sword "Decran" {antimagic, *Rage Dex+6} (You found it on level 4 of the Dungeon)
  4790 | D:6      | Reached skill level 5 in Earth Magic
  4853 | D:6      | Reached XP level 7. HP: 32/36 MP: 4/16
  4936 | D:6      | Learned a level 4 spell: Petrify
  4988 | D:6      | Reached skill level 5 in Spellcasting
  5137 | D:6      | Reached skill level 6 in Spellcasting
  5144 | D:6      | Learned a level 5 spell: Lee's Rapid Deconstruction
  5239 | D:6      | Noticed Edmund
  5269 | D:6      | Killed Edmund
  5269 | D:6      | Reached skill level 7 in Spellcasting
  5354 | D:6      | Reached XP level 8. HP: 35/41 MP: 7/21
  5506 | D:6      | Reached skill level 8 in Spellcasting
  5833 | D:6      | Noticed Crazy Yiuf
  5876 | D:6      | Killed Crazy Yiuf
  5979 | D:7      | Found a glowing golden altar of the Shining One.
  5999 | D:7      | Reached skill level 9 in Spellcasting
  6087 | D:7      | Found a deep blue altar of Sif Muna.
  6089 | D:7      | Found a stormy altar of Qazlal.
  6911 | D:7      | Reached skill level 10 in Spellcasting
  7276 | D:7      | Reached skill level 11 in Spellcasting
  7279 | D:7      | Reached * piety under Vehumet
  7279 | D:7      | Offered knowledge of Freeze by Vehumet.
  7279 | D:7      | Reached XP level 9. HP: 45/45 MP: 3/26
  7378 | D:7      | Learned a level 1 spell: Freeze
  7580 | D:8      | Found Coureo's Gadget Shop.
  8173 | D:8      | Reached skill level 1 in Ice Magic
  8616 | D:8      | Reached ** piety under Vehumet
  8631 | D:8      | Noticed a two-headed hydra
  8770 | D:8      | Killed a two-headed hydra
  8770 | D:8      | Reached XP level 10. HP: 44/50 MP: 0/27
  9261 | D:9      | Noticed Erolcha
  9480 | D:9      | Offered knowledge of Throw Frost by Vehumet.
  9541 | D:9      | Reached skill level 12 in Spellcasting
  9644 | D:9      | Found a bloodstained altar of Trog.
  9832 | D:9      | Noticed a red ugly thing
  9859 | D:9      | Killed a red ugly thing
  9859 | D:9      | Reached skill level 5 in Dodging
 10151 | D:9      | Killed Erolcha
 10803 | D:10     | Entered Level 10 of the Dungeon
 10820 | D:10     | Noticed a hill giant
 11312 | D:10     | Offered knowledge of Mephitic Cloud by Vehumet.
 11482 | D:10     | Reached skill level 10 in Dodging
 11482 | D:10     | Reached XP level 11. HP: 54/54 MP: 10/29
 11574 | D:10     | Learned a level 3 spell: Mephitic Cloud
 11897 | D:10     | Reached *** piety under Vehumet
 12076 | D:10     | Noticed a hill giant
 12134 | D:10     | Killed a hill giant
 12325 | D:10     | Learned a level 4 spell: Cause Fear
 12333 | D:10     | Learned a level 6 spell: Bolt of Fire
 12352 | D:10     | Noticed Erica
 12360 | D:10     | Killed Erica
 12360 | D:10     | Offered knowledge of Iskenderun's Mystic Blast by Vehumet.
 12733 | D:10     | Reached skill level 1 in Fire Magic
 12807 | D:10     | Gained mutation: You occasionally shout uncontrollably at your foes. [potion of mutation]
 12807 | D:10     | Gained mutation: You passively map a small area around you. [potion of mutation]
 13110 | D:11     | Noticed Maud
 13556 | D:11     | Reached **** piety under Vehumet
 13627 | D:11     | Offered knowledge of Iskenderun's Battlesphere by Vehumet.
 13655 | D:11     | Noticed a centaur warrior
 13655 | D:11     | Noticed a centaur warrior
 14342 | D:10     | Killed a hill giant
 14645 | D:11     | Reached skill level 13 in Spellcasting
 15167 | D:11     | Learned a level 4 spell: Animate Dead
 15230 | D:11     | Noticed a queen ant
 15235 | D:11     | Noticed a catoblepas
 15235 | D:11     | Noticed a hill giant
 15237 | D:11     | Noticed a centaur warrior
 15257 | D:11     | Noticed Harold
 15304 | D:11     | Reached skill level 1 in Necromancy
 15872 | D:12     | Noticed barb4r1an's ghost (journeyman MiBe)
 15967 | D:12     | Found a frozen archway.
 15977 | D:12     | Reached ***** piety under Vehumet
 16087 | IceCv    | Entered an ice cave
 16211 | IceCv    | Offered knowledge of Bolt of Cold by Vehumet.
 16211 | IceCv    | Reached skill level 5 in Fire Magic
 16349 | IceCv    | Reached XP level 12. HP: 25/59 MP: 12/31
 17132 | IceCv    | Noticed a death yak
 17211 | IceCv    | Killed a death yak
 17789 | IceCv    | Noticed a death yak
 17798 | IceCv    | Reached skill level 14 in Spellcasting
 17963 | IceCv    | Killed a death yak
 18345 | IceCv    | Reached skill level 15 in Spellcasting
 18406 | IceCv    | Noticed a death yak
 18406 | IceCv    | Noticed a frost giant
 18515 | IceCv    | Killed a death yak
 19723 | IceCv    | Killed a frost giant
 19723 | IceCv    | Reached skill level 16 in Spellcasting
 20140 | D:11     | Killed Maud
 20140 | D:11     | Reached XP level 13. HP: 63/63 MP: 1/35
 20367 | D:11     | Killed Harold
 20516 | D:11     | Found a staircase to the Lair.
 21055 | Lair:1   | Entered Level 1 of the Lair of Beasts
 21212 | Lair:1   | Reached skill level 1 in Shields
 22433 | Lair:2   | Got a faintly glowing battleaxe
 22434 | Lair:2   | Identified the cursed +1 battleaxe of Extinguishment {chop, -Tele rF++ Dex+2 SInv} (You found it on level 2 of the Lair of Beasts)
 22989 | Lair:3   | Noticed Fannar
 22997 | Lair:3   | Killed Fannar
 24383 | Lair:4   | Found a staircase to the Snake Pit.
 25430 | Lair:5   | Offered knowledge of Sticky Flame by Vehumet.
 25471 | Lair:5   | Noticed Snorg
 25688 | Lair:5   | Noticed Kirke
 25714 | Lair:5   | Reached skill level 17 in Spellcasting
 25964 | Lair:5   | Killed Kirke
 26036 | Lair:5   | Killed Snorg
 26232 | Lair:5   | Identified a +1 rod of destruction (12/12) (You found it on level 5 of the Lair of Beasts)
 26655 | Lair:6   | Reached skill level 18 in Spellcasting
 27425 | Lair:6   | Found a staircase to the Swamp.
 28139 | D:12     | Reached XP level 14. HP: 68/68 MP: 22/38
 28324 | D:12     | Learned a level 7 spell: Spellforged Servitor
 28362 | D:12     | Found a staircase to the Orcish Mines.
 28495 | D:12     | Noticed a hill giant
 28497 | D:12     | Killed a hill giant
 28497 | D:12     | Reached skill level 1 in Summonings
 29098 | D:13     | Found a gate to the Vaults.
 29389 | D:13     | Offered knowledge of Fireball by Vehumet.
 29636 | Orc:1    | Entered Level 1 of the Orcish Mines
 29972 | Orc:1    | Reached skill level 5 in Summonings
 29982 | Orc:1    | Learned a level 5 spell: Fireball
 30008 | Orc:1    | Found a roughly hewn altar of Beogh.
 30978 | Orc:4    | Entered Level 4 of the Orcish Mines
 31048 | Orc:4    | Found a bloodstained altar of Trog.
 31054 | Orc:4    | Found a staircase to the Elven Halls.
 31170 | Orc:4    | Found an iron altar of Okawaru.
 31770 | Orc:4    | Offered knowledge of Poison Arrow by Vehumet.
 33731 | Orc:4    | Found Qunyut's Jewellery Shoppe.
 33731 | Orc:4    | Found Rep Were's Gadget Shoppe.
 33732 | Orc:4    | Found Hionnir's Distillery.
 33732 | Orc:4    | Found Daruam's General Store.
 33741 | Orc:4    | Bought a potion of heal wounds for 85 gold pieces
 33741 | Orc:4    | Bought 2 potions of curing for 102 gold pieces
 33745 | Orc:4    | Bought a potion of magic for 112 gold pieces
 33745 | Orc:4    | Bought a potion of invisibility for 112 gold pieces
 33748 | Orc:4    | Bought a +5 ring of intelligence for 412 gold pieces
 33748 | Orc:4    | Bought an uncursed ring of wizardry for 300 gold pieces
 33749 | Orc:4    | Bought a potion of lignification for 51 gold pieces
 33749 | Orc:4    | Bought a potion of cancellation for 136 gold pieces
 33890 | Orc:3    | Noticed Urug
 33891 | Orc:3    | Killed Urug
 33917 | Orc:3    | Offered knowledge of Conjure Ball Lightning by Vehumet.
 34522 | Orc:2    | Found Jeonir's Gadget Shoppe.
 35134 | Orc:1    | Found a roughly hewn altar of Beogh.
 36096 | Swamp:1  | Entered Level 1 of the Swamp
 36435 | Swamp:1  | Noticed Donald
 36506 | Swamp:1  | Killed Donald
 36879 | Swamp:1  | Noticed Frances
 37849 | Swamp:2  | Reached skill level 19 in Spellcasting
 38249 | Swamp:2  | Reached ****** piety under Vehumet
 38408 | Swamp:2  | Got a smoking shield
 38414 | Swamp:2  | Identified the +2 shield of Imisegeh {rC+ Str+3} (You found it on level 2 of the Swamp)
 38422 | Swamp:2  | Offered knowledge of Ozocubu's Refrigeration by Vehumet.
 38650 | Swamp:2  | Reached XP level 15. HP: 72/72 MP: 23/40
 38732 | Swamp:2  | Got an ancient brass ring
 38746 | Swamp:2  | Identified the ring "Giocef" {rF+ MP+9 Slay+4} (You found it on level 2 of the Swamp)
 39438 | Swamp:3  | Noticed Jorgrun
 39486 | Swamp:3  | Killed Jorgrun
 39486 | Swamp:3  | Reached skill level 10 in Conjurations
 39637 | Swamp:3  | Your ally Jorgrun died
 39784 | Swamp:3  | Noticed a thorn hunter
 39787 | Swamp:3  | Killed a thorn hunter
 39984 | Swamp:3  | Noticed a thorn hunter
 39992 | Swamp:3  | Killed a thorn hunter
 40292 | Swamp:3  | Noticed a thorn hunter
 40294 | Swamp:3  | Killed a thorn hunter
 40294 | Swamp:3  | Reached skill level 10 in Summonings
 40798 | Swamp:4  | Entered Level 4 of the Swamp
 41338 | Swamp:4  | Offered knowledge of Poisonous Cloud by Vehumet.
 42337 | Swamp:4  | Reached skill level 20 in Spellcasting
 42992 | Swamp:4  | Got a transparent shield
 42998 | Swamp:4  | Identified the -5 shield of Baldness {rCorr MP+9 Stlth-} (You found it on level 4 of the Swamp)
 43512 | Swamp:4  | Got a decaying rune of Zot
 44568 | Lair:7   | Reached XP level 16. HP: 76/76 MP: 22/42
 45034 | Lair:8   | Entered Level 8 of the Lair of Beasts
 46228 | Lair:8   | Found a staircase to the Slime Pits.
 46812 | Lair:8   | Offered knowledge of Lehudib's Crystal Spear by Vehumet.
 46812 | Lair:8   | Offered knowledge of Glaciate by Vehumet.
 46812 | Lair:8   | Offered knowledge of Tornado by Vehumet.
 46822 | Lair:8   | Learned a level 8 spell: Lehudib's Crystal Spear
 47754 | Lair:8   | Reached skill level 10 in Fire Magic
 48089 | Slime:1  | Entered Level 1 of the Pits of Slime
 50995 | D:15     | Entered Level 15 of the Dungeon
 51495 | D:15     | Reached skill level 21 in Spellcasting
 51659 | D:15     | Found a staircase to the Depths.
 52299 | D:15     | Reached skill level 10 in Earth Magic
 52923 | D:15     | Reached XP level 17. HP: 80/80 MP: 32/44
 53747 | Snake:1  | Entered Level 1 of the Snake Pit
 53793 | Snake:1  | Found Ewnukeqy's Antique Armour Emporium.
 53801 | Snake:1  | Bought a runed robe for 29 gold pieces
 53801 | Snake:1  | Bought a glowing helmet for 189 gold pieces
 54121 | Snake:1  | Identified a scroll of acquirement
 54126 | Snake:1  | Got a pair of crude gloves
 54137 | Snake:1  | Identified the +0 pair of gloves "Onauqy" {Int+2 Dex+2} (You acquired it on level 1 of the Snake Pit)
 56170 | Snake:3  | Found an iron altar of Okawaru.
 57525 | Snake:3  | Reached skill level 15 in Conjurations
 57945 | Snake:3  | Learned a level 2 spell: Swiftness
 58333 | Snake:4  | Entered Level 4 of the Snake Pit
 58334 | Snake:4  | Noticed Aizul
 58344 | Snake:4  | Killed Aizul
 58352 | Snake:4  | Noticed Wiglaf
 58355 | Snake:4  | Killed Wiglaf
 58513 | Snake:4  | Got a spiked shield
 58524 | Snake:4  | Identified the cursed +0 shield "Myol Xigimp" {MR++} (You took it off Wiglaf on level 4 of the Snake Pit)
 59421 | Snake:4  | Reached XP level 18. HP: 85/85 MP: 34/45
 59876 | Snake:4  | Noticed Saint Roka
 59895 | Snake:4  | Killed Saint Roka
 59939 | Snake:4  | Your ally Saint Roka died
 60973 | Snake:4  | Identified the Guide on Destructive Lightness (You found it on level 4 of the Snake Pit)
 60981 | Snake:4  | Got a serpentine rune of Zot
 61793 | Elf:1    | Entered Level 1 of the Elven Halls
 61913 | D:11     | Learned a level 9 spell: Shatter
 62082 | D:11     | Killed a centaur warrior
 62084 | D:11     | Killed a centaur warrior
 62084 | D:11     | Reached skill level 5 in Shields
 62086 | D:11     | Killed a catoblepas
 62103 | D:11     | Killed a hill giant
 62108 | D:11     | Killed a centaur warrior
 62466 | Elf:1    | Noticed Azrael
 63172 | Elf:1    | Noticed Breadlance's ghost (journeyman MiFi)
 63178 | Elf:1    | Killed Breadlance's ghost
 63252 | Elf:1    | HP: 5/127 [spriggan berserker/flail (9)]
 63252 | Elf:1    | Mangled by a spriggan berserker

Action                   |  1- 3 |  4- 6 |  7- 9 | 10-12 | 13-15 | 16-18 || total
-------------------------+-------+-------+-------+-------+-------+-------++-------
Melee: Trident           |       |    14 |    14 |       |       |       ||    28
       Short sword       |       |       |     2 |    52 |    97 |    15 ||   166
Throw: Stone             |     1 |     3 |     1 |       |       |       ||     5
 Cast: Sandblast         |    46 |    76 |    18 |    27 |     1 |       ||   168
       Stoneskin         |     1 |     2 |       |     8 |     7 |    28 ||    46
       Stone Arrow       |    17 |    44 |   124 |   373 |   303 |    41 ||   902
       Petrify           |       |       |    17 |    41 |     7 |       ||    65
       Lee's Rapid Decon |       |       |    12 |     7 |    14 |       ||    33
       Freeze            |       |       |     4 |     4 |     6 |       ||    14
       Passwall          |       |       |     1 |    13 |     1 |     5 ||    20
       Cause Fear        |       |       |       |     4 |     4 |     1 ||     9
       Animate Dead      |       |       |       |     3 |   101 |   104 ||   208
       Mephitic Cloud    |       |       |       |     1 |     5 |       ||     6
       Bolt of Fire      |       |       |       |    72 |   437 |   538 ||  1047
       Spellforged Servi |       |       |       |       |    59 |    82 ||   141
       Fireball          |       |       |       |       |     5 |    48 ||    53
       Lehudib's Crystal |       |       |       |       |       |    15 ||    15
       Shatter           |       |       |       |       |       |     1 ||     1
Evoke: Wand              |       |       |     4 |    15 |    11 |     5 ||    35
  Use: Scroll            |       |     7 |     9 |    10 |    21 |    20 ||    67
       Potion            |       |     2 |     5 |    11 |     3 |    13 ||    34
 Stab: Petrified         |       |       |     2 |       |       |       ||     2
       Distracted        |       |       |       |       |     1 |       ||     1
  Eat: Chunk             |     3 |     2 |    10 |    46 |    38 |    28 ||   127
       Bread ration      |     1 |     1 |     1 |     3 |     9 |     5 ||    20
       Beef jerky        |       |     1 |       |       |       |       ||     1
       Meat ration       |       |       |       |       |     2 |     4 ||     6
       Fruit             |       |       |       |       |       |     2 ||     2
       Royal jelly       |       |       |       |       |       |     1 ||     1
